 Dungeon Crawl Stone Soup version 0.21-a0-356-g45b0a09 (webtiles) character file.

44 tof the Twirler (level 3, -7/28 HPs)
             Began as a Barachi Gladiator on Oct 12, 2017.
             Mangled by a gnoll
             ... wielding a +0 whip
              (8 damage)
             ... on level 2 of the Dungeon.
             The game lasted 00:01:50 (1167 turns).

tof the Twirler (Barachi Gladiator)                 Turns: 1167, Time: 00:01:50

Health: -7/28      AC:  6    Str: 15    XL:     3   Next: 60%
Magic:  3/3        EV: 12    Int:  8    God:
Gold:   69         SH:  0    Dex: 14    Spells: 2/2 levels left

rFire    . . .     SeeInvis .   a - +0 quarterstaff
rCold    . . .     Gourm    .   (shield currently unavailable)
rNeg     . . .     Faith    .   m - +0 ring mail
rPois    .         Spirit   .   c - +0 helmet
rElec    .         Reflect  .   (no cloak)
rCorr    .         Harm     .   (no gloves)
MR       .....                  (no boots)
Stlth    ++........             (no amulet)
HPRegen  0.09/turn              q - ring of stealth
MPRegen  0.08/turn              (no ring)

@: slow
A: +LOS, swims, slowness 1, strong legs 1
a: Hop


You were on level 2 of the Dungeon.
You were not hungry.

You visited 1 branch of the dungeon, and saw 2 of its levels.

You collected 69 gold pieces.

Inventory:

Hand Weapons
 a - a +0 quarterstaff (weapon)
Missiles
 d - 3 throwing nets (quivered)
Armour
 c - a +0 helmet (worn)
 m - a +0 ring mail (worn)
Jewellery
 q - a ring of stealth (left hand)
Scrolls
 b - a scroll of enchant weapon {unknown}
 e - a scroll of noise {unknown}
 i - a scroll of teleportation {unknown}
 j - a scroll of random uselessness {unknown}
 n - 2 scrolls of fog {unknown}
 o - 3 scrolls of identify {unknown}
 r - a scroll of immolation {unknown}
 t - a scroll of recharging {unknown}
Potions
 h - 2 potions of curing {unknown}
 k - 3 potions of flight {unknown}
 l - a potion of agility {unknown}
 p - a potion of invisibility {unknown}
 u - a potion of might {unknown}
Comestibles
 f - a bread ration
 g - a chunk of flesh
 s - a royal jelly


   Skills:
 + Level 2.7 Fighting
 * Level 3.9 Staves
 + Level 2.3 Throwing
 * Level 1.9 Armour
 + Level 3.5 Dodging
 + Level 0.1 Stealth


You had 2 spell levels left.
You didn't know any spells.

Dungeon Overview and Level Annotations

Branches:
Dungeon (2/15)

Altars:
The Shining One


Innate Abilities, Weirdness & Mutations

Shadows flee at your approach. (+LOS)
You can swim through water.
You cover ground slowly.
You can hop short distances.


Message History

* * * LOW HITPOINT WARNING * * *
The gnoll closely misses you.
You sock the gnoll!
You kill the gnoll!
The gnoll closely misses you. The gnoll misses you.
The gnoll closely misses you.
Things that are here:
a club; a gnoll corpse You hit the gnoll.
The gnoll is lightly wounded.
The gnoll misses you.
You hit the gnoll.
The gnoll is lightly wounded.
The gnoll closely misses you. The gnoll barely misses you.
The gnoll hits you with a whip.
* * * LOW HITPOINT WARNING * * *
You hit the gnoll.
The gnoll is heavily wounded.
The gnoll closely misses you. The gnoll hits you with a whip!
You die...

###....#...####
#.# #...#.# #.#
##....## #.#
......##..######.#
....?. #......>..#
..>... #(#####.###
....... #.####..#
.$.%.. #=.##g.#
###### ##..g@#
#..### #.$# #..#
#.%# #..# #..#
#..# ####


You could see 2 gnolls.

Vanquished Creatures
  A gnoll (D:2)
  2 dart slugs
  2 leopard geckos (D:1)
  A giant cockroach (D:1)
  5 goblins (D:1)
  2 hobgoblins (D:1)
  3 kobolds (D:1)
  4 bats
  2 frilled lizards (D:1)
  8 rats
30 creatures vanquished.

Notes
Turn   | Place    | Note
-------+----------+-------------------------------------------
     0 | D:1      | tof the Barachi Gladiator began the quest for the Orb.
     0 | D:1      | Reached XP level 1. HP: 17/17 MP: 1/1
   245 | D:1      | Reached skill level 1 in Armour
   245 | D:1      | Reached XP level 2. HP: 23/23 MP: 2/2
   574 | D:1      | Found a glowing golden altar of the Shining One.
   800 | D:1      | Reached XP level 3. HP: 28/28 MP: 3/3
  1166 | D:2      | HP: 1/28 [gnoll/whip (4)]
  1167 | D:2      | Mangled by a gnoll

Vault maps used:
D:1:      ncdulo_wetmaze, corexii_leaking_fountain, tso_altar
D:2:      grunt_temple_overflow_magic_moments, chequers_ecumenical_altar_island,
          first_bread, nicolae_ru_the_path_less_chosen

Skill      XL: |  1 |
---------------+----+-----
Armour         | 1 |  1.9
Fighting       | |  2.7
Staves         | |  3.9
Throwing       | |  2.3
Dodging        | |  3.5
Stealth        | |  0.1

Action                   || total
-------------------------++-------
Melee: Quarterstaff      ||    84
 Stab: Sleeping          ||     2
  Eat: Chunk             ||     1
Armor: Leather armour    ||    10
       Ring mail         ||    17
Dodge: Dodged            ||    67

Table legend:
 A = Spawn XP
 B = Non-spawn XP
 C = Spawn XP percentage of total XP
 D = Spawn monster count
 E = Non-spawn monster count
 F = Spawn count percentage of total count
 G = Total turns spent on level
                    A         B        C        D         E        F      G
               +---------+---------+-------+---------+---------+-------+---------
         Total |       0 |      63 |   0.0 |       0 |      30 |   0.0 |  1167
               +---------+---------+-------+---------+---------+-------+---------
           D:1 |       0 |      41 |   0.0 |       0 |      25 |   0.0 |  1092
           D:2 |       0 |      22 |   0.0 |       0 |       5 |   0.0 |    75
               +---------+---------+-------+---------+---------+-------+---------
